 Dungeon Crawl Stone Soup version 0.25-a0-482-g9b3b753f3f (webtiles) character file.

Game seed: 4757684161481778689, levelgen mode: deterministic

242 HawFromDerth the Slinger (level 6, -4/39 HPs)
             Began as a Halfling Hunter on Feb 10, 2020.
             Killed by divine providence
             ... invoked by an orc priest
              (16 damage)
             ... on level 4 of the Dungeon.
             The game lasted 00:10:40 (2361 turns).

HawFromDerth the Slinger (Halfling Hunter)          Turns: 2361, Time: 00:10:41

Health: -4/39      AC:  5    Str: 13    XL:     6   Next: 31%
Magic:  6/6        EV: 15    Int:  9    God:
Gold:   146        SH:  0    Dex: 17    Spells: 5/5 levels left

rFire    . . .     SeeInvis .   a - +1 hunting sling
rCold    . . .     Gourm    .   (shield restricted)
rNeg     + . .     Faith    .   c - +0 leather armour
rPois    .         Spirit   .   (no helmet)
rElec    .         Reflect  .   e - +1 cloak
rCorr    .         Harm     .   (no gloves)
MR       .....                  (no boots)
Stlth    ++........             (no amulet)
HPRegen  0.13/turn              n - ring of positive energy
MPRegen  0.10/turn              (no ring)

@: no status effects
A: small, mutation resistance 1
a: no special abilities


You were on level 4 of the Dungeon.
You were very hungry.

You visited 1 branch of the dungeon, and saw 4 of its levels.

You collected 146 gold pieces.

Inventory:

Hand Weapons
 a - a +1 hunting sling (weapon)
 b - a +0 short sword
Missiles
 l - 104 stones (quivered)
Armour
 c - a +0 leather armour (worn)
 e - a +1 cloak (worn)
 s - a +0 hat
Jewellery
 n - a ring of positive energy (left hand)
Wands
 h - a wand of random effects (7)
Scrolls
 g - a scroll of blinking {unknown}
 j - a scroll of identify
 k - a scroll of enchant weapon {unknown}
Potions
 i - a potion of mutation {unknown}
 m - 2 potions of curing
Comestibles
 f - 7 rations


   Skills:
 - Level 2.2 Fighting
 + Level 9.3 Slings
 + Level 1.1 Armour
 * Level 2.9 Dodging
 - Level 1.5 Stealth


You had 5 spell levels left.
You didn't know any spells.
Your spell library was empty.

Dungeon Overview and Level Annotations

Branches:
Dungeon (4/15)
 Temple: D:4-7

Altars:
Ru


Innate Abilities, Weirdness & Mutations

You are small and have problems with some larger weapons.
You are somewhat resistant to further mutation.


Message History

The orc barely misses you.
Firing (i - inventory)
l - 107 stones (quivered)
Press: ? - help, Shift-Dir - straight line, f/p - orc
Aim: an orc (almost dead)
You shoot a stone. The stone hits the orc!
You kill the orc!
The orc completely misses you.
Firing (i - inventory)
l - 106 stones (quivered)
Press: ? - help, Shift-Dir - straight line, f - orc
Aim: an orc You shoot a stone.
The stone hits the orc!
You kill the orc!
Firing (i - inventory)
l - 105 stones (quivered)
Press: ? - help, Shift-Dir - straight line, f - orc priest
Aim: an orc priest, wielding a +0 mace You shoot a stone.
The stone hits the orc priest.
The orc priest is heavily wounded.
The orc priest invokes the aid of Beogh against you.
Beogh smites you!
You die...

...... #(.......
...... #.......
..#.#.##.......
...(.(......# .
.....o(.....###..
(.....(..........
........(........
........((.....##
.........@......#
................#
............###.#
...#####......
... #....... ....
#......... ....#
#....#.... #. #.
#....###.. #. #.
#.##.


You could see an orc priest.

Vanquished Creatures
  An orc wizard (D:4)
  Ijyb (D:3)
  2 worker ants (D:4)
  6 adders
  An adder skeleton (D:4)
  A worm (D:3)
  2 dart slugs (D:2)
  2 leopard geckos
  10 orcs
  9 bats
  A giant cockroach (D:1)
  6 goblins
  4 hobgoblins
  6 jackals
  2 frilled lizards
  7 kobolds
  10 rats
71 creatures vanquished.

Notes
Turn   | Place    | Note
-------+----------+-------------------------------------------
     0 | D:1      | HawFromDerth the Halfling Hunter began the quest for the
                  | Orb.
     0 | D:1      | Reached XP level 1. HP: 14/14 MP: 1/1
    23 | D:1      | Reached skill level 6 in Slings
    88 | D:1      | Reached XP level 2. HP: 19/19 MP: 2/2
   521 | D:2      | Reached XP level 3. HP: 24/24 MP: 3/3
   565 | D:2      | Reached skill level 7 in Slings
   828 | D:2      | Reached XP level 4. HP: 29/29 MP: 4/4
  1432 | D:3      | Noticed Ijyb
  1627 | D:3      | Reached skill level 8 in Slings
  1660 | D:3      | Killed Ijyb
  1660 | D:3      | Reached XP level 5. HP: 25/34 MP: 5/5
  2030 | D:3      | Found a sacrificial altar of Ru.
  2298 | D:4      | Reached skill level 1 in Armour
  2298 | D:4      | Reached XP level 6. HP: 33/39 MP: 6/6
  2334 | D:4      | Reached skill level 9 in Slings
  2361 | D:4      | Killed from afar by an orc priest

Levels and vault maps discovered:
D:1:      doesnt_arrival_eight_statues, layout_rooms
D:2:      layout_loops_corners
D:3:      layout_loops_ring, nicolae_ru_awakened_eye, uniq_ijyb
D:4:      layout_basic, lemuel_doored_altar, serial_shops, shop_fountains

Skill      XL: |  1  2  3  4  5  6 |
---------------+-------------------+-----
Slings         | 6 7 8 9 |  9.3
Fighting       | 2 |  2.2
Armour         | 1 |  1.1
Dodging        | |  2.9
Stealth        | |  1.5

Action                   |  1- 3 |  4- 6 || total
-------------------------+-------+-------++-------
 Fire: Hunting sling     |    69 |   143 ||   212
  Use: Scroll            |       |     6 ||     6
       Potion            |       |     5 ||     5
  Eat: Chunk             |       |     3 ||     3
Armor: Leather armour    |     3 |    12 ||    15
Dodge: Dodged            |    10 |    61 ||    71

Table legend:
 A = Non-vault XP
 B = Vault XP
 C = Vault XP percentage of total XP
 D = Non-vault monster count
 E = Vault monster count
 F = Vault count percentage of total count
                 A         B        C        D         E       F
            +---------+---------+-------+---------+---------+-------
      Total |     311 |      36 |  10.4 |      70 |       1 |   1.4
            +---------+---------+-------+---------+---------+-------
        D:1 |      21 |       0 |   0.0 |      14 |       0 |   0.0
        D:2 |      67 |       0 |   0.0 |      18 |       0 |   0.0
        D:3 |      74 |      36 |  32.7 |      24 |       1 |   4.0
        D:4 |     149 |       0 |   0.0 |      14 |       0 |   0.0
            +---------+---------+-------+---------+---------+-------
